 Dungeon Crawl Stone Soup version 0.30.1-3-gfc49f6343a (webtiles) character file.

Game seed: 15863844415169184160

681 javelincjr the Trooper (level 7, 0/56 HPs)
             Began as a Demonspawn Fighter on July 24, 2023.
             Was an Initiate of Gozag.
             Slain by a gnoll
             ... wielding a +0 spear
              (1 damage)
             ... on level 4 of the Dungeon.
             The game lasted 00:12:44 (4304 turns).

javelincjr the Trooper (Demonspawn Fighter)         Turns: 4304, Time: 00:12:44

Health: 0/56       AC:  9    Str: 19    XL:     7   Next: 34%
Magic:  0/7        EV: 11    Int: 21    God:    Gozag
Gold:   572        SH:  5    Dex: 12    Spells: 6/6 levels left

rFire   . . .        w - +5 short sword "Nugiecupt" {flame, Will++ Int+6}
rCold   + . .        c - +0 buckler
rNeg    . . .        i - +2 ring mail {Will+}
rPois   .            (no helmet)
rElec   .            (no cloak)
rCorr   .            (no gloves)
SInv    .            (no boots)
Will    +++..        l - amulet of guardian spirit
Stlth   +            y - ring of protection from cold
HPRegen 0.29/turn    C - +6 ring of intelligence
MPRegen 0.20/turn

%: guardian spirit
@: flying
A: molten scales 1, magic regeneration
a: Renounce Religion, Potion Petition, Call Merchant, Bribe Branch


You were on level 4 of the Dungeon.
You worshipped Gozag.
Gozag was pleased with you.
You visited 1 branch of the dungeon, and saw 5 of its levels.

You collected 572 gold pieces.

Inventory:

Hand Weapons
 a - a +0 war axe
 f - a +1 heavy hand axe
 o - a +0 dagger of draining
 w - the +5 short sword "Nugiecupt" (weapon) {flame, Will++ Int+6}
   (You took it off a goblin on level 3 of the Dungeon)

   Int:       It affects your intelligence (+6).
   Will:      It greatly increases your willpower.
Armour
 b - a +0 scale mail
 c - a +0 buckler (worn)
 i - a +2 ring mail of willpower (worn)
 x - a +0 plate armour
Jewellery
 l - an amulet of guardian spirit (around neck)
 y - a ring of protection from cold (left hand)
 C - a +6 ring of intelligence (right hand)
Scrolls
 e - a scroll of enchant weapon {unknown}
 g - 5 scrolls of blinking {unknown}
 h - 2 scrolls of amnesia {unknown}
 m - a scroll of vulnerability {unknown}
 p - 2 scrolls of poison {unknown}
 s - 3 scrolls of identify {unknown}
 v - a scroll of butterflies {unknown}
 z - a scroll of fear {unknown}
 A - a scroll of noise {unknown}
 B - a scroll of immolation {unknown}
Potions
 d - 2 potions of might
 j - 6 potions of curing
 k - a potion of flight
 n - a potion of brilliance {unknown}
 q - a potion of degeneration {unknown}
 r - a potion of attraction {unknown}
 t - a potion of invisibility {unknown}
 u - a potion of heal wounds {unknown}


   Skills:
 * Level 5.3 Fighting
 + Level 1.6 Short Blades
 + Level 3.3 Axes
 + Level 3.9 Armour
 + Level 2.3 Dodging
 + Level 3.9 Shields
 + Level 0.3 Spellcasting


You had 6 spell levels left.
You didn't know any spells.
Your spell library contained the following spells:

 Spells                   Type           Power      Damage    Failure   Level
 Kiss of Death            Conj/Necr      0%         2d5       36%         1
 Ensorcelled Hibernation  Hex/Ice        0%         N/A       50%         2
 Passwall                 Tmut/Erth      0%         N/A       50%         2
 Confusing Touch          Hex            0%         N/A       73%         3
 Ignite Poison            Fire/Tmut/Pois 0%         N/A       73%         3
 Stone Arrow              Conj/Erth      0%         3d7       73%         3
 Swiftness                Air            0%         N/A       73%         3
 Animate Armour           Summ/Erth      0%         N/A       98%         4
 Dispel Undead            Necr           0%         3d6       98%         4
 Sticky Flame             Conj/Fire      0%         2d3       98%         4
 Ignition                 Fire           0%         3d3       100%        8
 Lehudib's Crystal Spear  Conj/Erth      0%         10d2      100%        8


Dungeon Overview and Level Annotations

Branches:
Dungeon (5/15)             Temple (0/1) D:4

Altars:
Gozag
Kikubaaqudgha
Sif Muna


Innate Abilities, Weirdness & Mutations

You are partially covered in molten scales. (AC +2)
You regenerate magic rapidly.


Message History

The gnoll is almost dead.
The gnoll barely misses you. You block the gnoll's attack.
The gnoll hits you with a +0 whip.
You hit the gnoll. You burn the gnoll.
You kill the gnoll!
The gnoll hits you with a +0 spear. The gnoll hits you but does no damage.
An iguana comes into view.
You block the gnoll's attack.
The gnoll throws a throwing net.
The throwing net hits you.
You become entangled in the net!
You stop ascending the stairs.
The ogre closely misses you.
Unknown command.
You struggle against the net.
The gnoll hits you but does no damage. x2
The ogre hits you with a +0 giant spiked club!
You tear a large gash into the net.
The adder is no longer distracted by gold.
The gnoll hits you with a +0 spear.
The gnoll hits you from afar with a +0 spear.
You rip the net and break free!
The gnoll hits you but does no damage. The gnoll barely misses you.
The iguana is distracted by your dazzling golden aura.
The ogre hits you with a +0 giant spiked club!!
The iguana hisses angrily.
The iguana is no longer distracted by gold.
The gnoll hits you with a +0 spear. The gnoll hits you but does no damage.
You block the ogre's attack.
You climb upwards.
There is a stone staircase leading down here.
You hit the ogre. You burn the ogre.
The ogre is moderately wounded.
The gnoll hits you but does no damage.
You hit the ogre. You burn the ogre.
The ogre is heavily wounded.
You block the gnoll's attack.
The ogre hits you with a +0 giant spiked club!!
* * * LOW HITPOINT WARNING * * *
It was a potion of flight.
You feel very buoyant.
You fly up into the air.
The gnoll hits you with a +0 spear.
You die...
Your body crumbles into a pile of gold.

#...................##
##...................#
##...............##..
#...............####
#...............# #
#..........####### #
#.........##.8∩8.##
###........#.......#
####..g@O.....#8..8..8##
#...###......##∩.._..∩##
##### ##.....###.....##.
#.## ###...####'''##..
#..### #.....#.....))##
#....###.............##
##.................)###
#.....................
#..........##.........


You could see an ogre and a gnoll.

Vanquished Creatures
  The ghost of HotCheetoh the Ruffian, an amateur GrGl (D:4)
  An ice beast (D:4)
  A scorpion (D:4)
  An orc priest (D:3)
  A hound (D:4)
  Natasha (thrice) (D:2)
  3 iguanas (D:4)
  2 orc wizards
  2 gnolls (D:5)
  6 adders
  3 worms
  2 dart slugs (D:1)
  4 orcs
  6 ball pythons
  2 bat zombies (D:3)
  6 endoplasms
  11 goblins
  5 hobgoblins
  5 jackals
  7 quokkas
  6 bats (D:1)
  3 frilled lizards
  5 kobolds
  2 rats (D:1)
  2 rat zombies (D:3)
90 creatures vanquished.

Notes
Turn   | Place    | Note
-------+----------+-------------------------------------------
     0 | D:1      | javelincjr the Demonspawn Fighter began the quest for the
                  | Orb.
     0 | D:1      | Reached XP level 1. HP: 18/18 MP: 1/1
     3 | D:1      | Noticed an electric eel
     4 | D:1      | Noticed an electric eel
   225 | D:1      | Gained mutation: You are partially covered in molten
                  | scales. (AC +2) [demonic ancestry]
   225 | D:1      | Reached XP level 2. HP: 24/24 MP: 2/2
   562 | D:1      | Gained mutation: You regenerate magic rapidly. [demonic
                  | ancestry]
   562 | D:1      | Reached XP level 3. HP: 23/29 MP: 3/3
   934 | D:2      | You fall into a shaft and drop 1 floor!
   977 | D:2      | Noticed Natasha
   990 | D:2      | Killed Natasha
   991 | D:2      | Reached XP level 4. HP: 15/36 MP: 1/4
  1410 | D:2      | Found a faded altar of an unknown god.
  1414 | D:2      | Prayed at the altar of an unknown god.
  1414 | D:2      | Became a worshipper of Gozag Ym Sagoz the Greedy
  1599 | D:2      | Noticed Natasha
  1605 | D:2      | Killed Natasha
  1606 | D:2      | Reached skill level 1 in Dodging
  1694 | D:2      | Reached skill level 4 in Fighting
  1866 | D:2      | Noticed Natasha
  1879 | D:2      | Killed Natasha
  1880 | D:2      | Reached XP level 5. HP: 42/42 MP: 5/5
  2242 | D:3      | Found an ancient bone altar of Kikubaaqudgha.
  2509 | D:3      | Identified the +5 short sword "Nugiecupt" {flame, Will++
                  | Int+6}
  3013 | D:4      | Reached XP level 6. HP: 36/49 MP: 6/6
  3297 | D:4      | Reached skill level 1 in Short Blades
  3407 | D:4      | Found a staircase to the Ecumenical Temple.
  3424 | D:4      | Found a runed translucent gate.
  3425 | D:4      | Found a runed translucent gate.
  3426 | D:4      | Found a runed translucent gate.
  3427 | D:4      | Found an opulent altar of Gozag.
  3428 | D:4      | Noticed HotCheetoh's ghost (amateur GrGl)
  3460 | D:4      | Killed HotCheetoh's ghost
  3461 | D:4      | Reached skill level 5 in Fighting
  3601 | D:4      | Found a shimmering blue altar of Sif Muna.
  3613 | D:4      | Noticed an ice beast
  3619 | D:4      | Killed an ice beast
  3620 | D:4      | Reached XP level 7. HP: 56/56 MP: 7/7
  4289 | D:5      | Entered Level 5 of the Dungeon
  4303 | D:4      | HP: 1/56 [ogre/+0 giant spiked club (18)]
  4304 | D:4      | Slain by a gnoll

Illustrated notes

Levels and vault maps discovered:
D:1:      arrival_aquarium_b, layout_basic, hangedman_abyss_or_decor_lesser_grid
D:2:      layout_basic, basic_ecumenical_altar, uniq_natasha
D:3:      layout_loops_corners, lemuel_zombie_altar_kikubaaqudgha,
          mainiacjoe_overflow_24_doors
D:4:      layout_layer_cave, nicolae_sif_muna_condensation,
          minmay_temple_entry_ruins, ebering_ghost_gozag,
          minmay_misc_feat_roman, kennysheep_generic_room_4
D:5:      layout_basic

Skill      XL: |  1  2  3  4  5  6 |
---------------+-------------------+-----
Axes           | 2 3 |  3.3
Armour         | 3 |  3.9
Shields        | 3 |  3.9
Dodging        | 1 2 |  2.3
Fighting       | 4 5 |  5.3
Short Blades   | 1 |  1.6
Spellcasting   | |  0.3

Action                     |  1- 3 |  4- 6 |  7- 9 || total
---------------------------+-------+-------+-------++-------
  Melee: War axe           |   109 |    15 |       ||   124
         Dagger            |       |   152 |       ||   152
         Short sword       |       |    78 |    34 ||   112
    Use: Potion            |       |       |     1 ||     1
 Armour: Scale mail        |     7 |       |       ||     7
         Ring mail         |    59 |   115 |    18 ||   192
  Dodge: Dodged            |    55 |   125 |    16 ||   196
  Block: Buckler           |    27 |    47 |    14 ||    88
